AoeStats
← SKYEEERINO?!?

Arabian Desert

509459819Analyzed
1v1 RM · 7d ago on Sep 26, 2026· 41m 52s· 2 players
Game mode
Random Map
Map size
Tiny (2 player)
Population
200
Speed
Normal
Resources
Standard
Victory
Conquest
Starting age
Dark Age
Ending age
Imperial Age
RankedLock teamsTeams togetherTeam positionsShared explorationLock speedFull tech treeHidden civsTurbo modeCheats
Victory
Defeat
🇨🇳 Goths · China
942
+16
🇷🇺 Burgundians · Russia
941
-16
SKYEEERINO?!?
7:22 Double-Bit Axe
11:32 Feudal Age
10:44 Loom
11:37 Wheelbarrow
12:57 Bow Saw
14:48 Town Watch
14:49 Horse Collar
15:53 Heavy Plow
24:31 Castle Age
22:47 Hand Cart
23:48 Forging
23:58 Stone Mining
24:34 Gold Mining
25:03 Cavalier
27:42 Iron Casting
29:41 Gold Shaft Mining
30:51 Scale Barding Armor
30:39 Fletching
33:38 Town Patrol
35:27 Crop Rotation
41:52 Imperial Age
40:41 Burgundian Vineyards
44:40 Imperial Age
beniparker
3:04 Loom
10:47 Feudal Age
11:22 Double-Bit Axe
11:20 Horse Collar
15:50 Man-at-Arms
17:23 Wheelbarrow
21:54 Castle Age
20:30 Stone Mining
21:06 Gold Mining
22:06 Long Swordsman
23:25 Bow Saw
24:15 Pikeman
27:31 Squires
32:06 Hand Cart
32:39 Stone Shaft Mining
35:46 Imperial Age
38:05 Two-Man Saw
40:08 Scale Mail Armor
40:18 Forging
40:25 Halberdier
Connection lost

Rejoining the realm…

Still unreachable

The connection could not be restored.

Session expired

The server has moved on; the page needs a fresh start.